 Dungeon Crawl Stone Soup version 0.28-a0-828-g0121872642 (webtiles) character file.

Game seed: 9103598263615722399

513 bande the Chopper (level 7, -4/44 HPs)
             Began as a Gargoyle Fighter on Nov 10, 2021.
             Slain by a wyvern zombie (12 damage)
             ... on level 4 of the Dungeon.
             The game lasted 00:08:16 (6273 turns).

bande the Chopper (Gargoyle Fighter)                Turns: 6273, Time: 00:08:17

Health: -4/44      AC: 12    Str: 21    XL:     7   Next: 19%
Magic:  7/7        EV:  9    Int:  8    God:
Gold:   1144       SH:  4    Dex: 10    Spells: 6/6 levels left

rFire   . . .      SeeInvis .   a - +0 war axe
rCold   . . .      Faith    .   c - +0 buckler
rNeg    + . .      Spirit   .   b - +0 scale mail
rPois   ∞          Reflect  .   (no helmet)
rElec   +          Harm     .   (no cloak)
rCorr   .          Rampage  .   (no gloves)
Will    .....                   (no boots)
Stlth   ..........              (no amulet)
HPRegen 0.14/turn               (no ring)
MPRegen 0.10/turn               (no ring)

@: no status effects
A: sickness immunity, AC +4, negative energy resistance 1, electricity
resistance, torment resistance 1, petrification resistance
a: no special abilities


You were on level 4 of the Dungeon.
You visited 1 branch of the dungeon, and saw 4 of its levels.

You collected 1144 gold pieces.

Inventory:

Hand Weapons
 a - a +0 war axe (weapon)
 j - a +0 war axe
Armour
 b - a +0 scale mail (worn)
 c - a +0 buckler (worn)
 n - a +0 chain mail
Jewellery
 i - a +6 ring of dexterity
Wands
 h - a wand of flame (13)
Scrolls
 e - a scroll of magic mapping
 k - 2 scrolls of identify
Potions
 d - a potion of might
 f - 2 potions of heal wounds
 g - 3 potions of curing


   Skills:
 + Level 4.5 Fighting
 + Level 4.8 Axes
 + Level 4.6 Armour
 + Level 4.1 Shields
 * Level 2.0 Evocations


You had 6 spell levels left.
You didn't know any spells.
Your spell library contained the following spells:

 Spells                   Type           Power      Damage    Failure   Level
 Slow                     Hex            0%         N/A       75%         1
 Wereblood                Tmut           0%         N/A       86%         2
 Confusing Touch          Hex            0%         N/A       98%         3
 Vampiric Draining        Necr           0%         2d6       98%         3
 Summon Hydra             Summ           0%         N/A       100%        7
 Sublimation of Blood     Necr           Unusable   N/A       N/A         2

Dungeon Overview and Level Annotations

Branches:
Dungeon (4/15)
 Temple: D:4-7

Altars:


Innate Abilities, Weirdness & Mutations

You are immune to sickness and miasma.
Your stone body is resilient. (AC +4)
You are immune to poison.
You resist negative energy. (rN+)
You are resistant to electric shocks. (rElec)
You are resistant to unholy torment.
You are immune to petrification.


Message History

The wyvern zombie is moderately damaged.
You completely miss the bullfrog skeleton.
The bullfrog skeleton hits you. The wyvern zombie closely misses you.
The bullfrog skeleton closely misses you.
The wyvern zombie bites you but does no damage.
You slash the wyvern zombie!
The wyvern zombie is severely damaged.
You slash the bullfrog skeleton!
The bullfrog skeleton hits you but does no damage.
The wyvern zombie bites you! The bullfrog skeleton hits you.
You are too injured to fight recklessly!
You are too injured to fight recklessly!
You are too injured to fight recklessly!
You are too injured to fight recklessly!
You are too injured to fight recklessly!
You are too injured to fight recklessly!
You are too injured to fight recklessly!
You are too injured to fight recklessly!
You are too injured to fight recklessly!
Unknown command.
You hit the bullfrog skeleton.
The bullfrog skeleton is heavily damaged.
You barely miss the wyvern zombie. The wyvern zombie barely misses you.
The bullfrog skeleton closely misses you.
The wyvern zombie bites you.
Unknown command.
You slash the bullfrog skeleton!
The bullfrog skeleton is almost destroyed.
You hit the wyvern zombie but do no damage.
The bullfrog skeleton barely misses you.
The wyvern zombie bites you!
* * * LOW HITPOINT WARNING * * *
The bullfrog skeleton barely misses you.
The wyvern zombie bites you.
* * * LOW HITPOINT WARNING * * *
Unknown command.
You feel better.
You block the bullfrog skeleton's attack.
The wyvern zombie bites you!
You die...

#######.#.######.#
#.....#.#.# #.##
##.....#.#.### #..##
.............# #....
.........#..## #....
.........#..# #....
###+#####.#### #....
#.....###.########....
#...Z@'............##.
#....Z###.#########...
#....<# #.........+...
#......#
##....#####...
#....### #....# #...
#.!.. ###### ####
#.... #....


You could see a wyvern zombie and a bullfrog skeleton.

Vanquished Creatures
  Pargi (D:3)
  2 hounds
  2 orc priests (D:3)
  Jessica (D:2)
  An orc wizard (D:2)
  Natasha (thrice) (D:2)
  4 adders
  A white imp (D:4)
  6 worms
  A dart slug (D:3)
  13 orcs
  6 bats
  8 endoplasms
  2 giant cockroaches
  8 goblins
  A hobgoblin (D:1)
  7 jackals
  6 kobolds
  6 quokkas
  11 ball pythons
  2 frilled lizards
  5 rats
97 creatures vanquished.

Vanquished Creatures (others)
  2 fungi (D:1)
  4 plants (D:1)
6 creatures vanquished.

Grand Total: 103 creatures vanquished

Notes
Turn   | Place    | Note
-------+----------+-------------------------------------------
     0 | D:1      | bande the Gargoyle Fighter began the quest for the Orb.
     0 | D:1      | Reached XP level 1. HP: 14/14 MP: 1/1
   287 | D:1      | Reached XP level 2. HP: 14/19 MP: 2/2
   885 | D:1      | Reached XP level 3. HP: 21/24 MP: 3/3
  1067 | D:1      | Found a faded altar of an unknown god.
  1351 | D:2      | Noticed Jessica
  1366 | D:2      | Killed Jessica
  1367 | D:2      | Reached XP level 4. HP: 8/29 MP: 4/4
  1607 | D:2      | Noticed Natasha
  1668 | D:2      | Killed Natasha
  2063 | D:2      | Reached XP level 5. HP: 33/33 MP: 5/5
  2175 | D:2      | Noticed Natasha
  2181 | D:2      | Killed Natasha
  2598 | D:2      | Noticed Natasha
  2607 | D:2      | Killed Natasha
  2930 | D:3      | Reached skill level 1 in Evocations
  3133 | D:2      | Reached XP level 6. HP: 21/38 MP: 6/6
  5154 | D:3      | Noticed Pargi
  5176 | D:3      | Killed Pargi
  5177 | D:3      | Reached XP level 7. HP: 41/44 MP: 7/7
  5364 | D:3      | Identified a scroll of acquirement
  5364 | D:3      | Acquired 1046 gold pieces
  6273 | D:4      | Slain by a wyvern zombie

Illustrated notes

Levels and vault maps discovered:
D:1:      roderic_chinese_lattice_arrival, layout_basic,
          shapermc_ecumenical_altar_gd, chequers_jeans
D:2:      layout_basic, uniq_jessica, uniq_natasha
D:3:      layout_basic, kennysheep_generic_room_2, uniq_pargi
D:4:      layout_basic, led_sif_book

Skill      XL: |  1  2  3  4  5  6  7 |
---------------+----------------------+-----
Axes           | 2 3 4 |  4.8
Fighting       | 4 |  4.5
Armour         | 4 |  4.6
Evocations     | 1 2 |  2.0
Shields        | 4 |  4.1

Action                   |  1- 3 |  4- 6 |  7- 9 || total
-------------------------+-------+-------+-------++-------
Melee: War axe           |   115 |   208 |    37 ||   360
  Use: Scroll            |       |     2 |     5 ||     7
       Potion            |       |     1 |     1 ||     2
Armor: Scale mail        |    77 |   165 |    15 ||   257
Dodge: Dodged            |    81 |   127 |    17 ||   225
Block: Buckler           |    26 |    58 |     5 ||    89

Table legend: (Time is in decaauts)
 A = Elapsed time spent in this place.
 B = Non-inter-level travel time spent in this place.
 C = Inter-level travel time spent in this place.
 D = Time resting spent in this place.
 E = Time spent auto-exploring this place.
 F = Levels seen in this place.
 G = Mean time per level.
                   A        B        C        D        E       F      G
               +--------+--------+--------+--------+--------+-----+--------+
         Total |   6405 |   6405 |      0 |   2140 |   3193 |   4 | 1601.2 |
       Dungeon |   6405 |   6405 |      0 |   2140 |   3193 |   4 | 1601.2 |
               +--------+--------+--------+--------+--------+-----+--------+

Top non-repeatable levels by time:
     D:2: 2613 daAuts
     D:1: 1796 daAuts
     D:3: 1642 daAuts
     D:4: 353 daAuts
